 Dungeon Crawl Stone Soup version 0.32-a0-35-gd9ff480968 (webtiles) character file.

Game seed: 3098369172461856480

9004 mopl the Covert (level 11, -8/58 HPs)
             Began as a Vine Stalker Necromancer on Jan 20, 2024.
             Was an Elder of Kikubaaqudgha.
             Mangled by a centaur warrior (13 damage)
             ... on level 11 of the Dungeon on Jan 22, 2024.
             The game lasted 00:16:52 (9438 turns).

mopl the Covert (Vine Stalker Necromancer)          Turns: 9438, Time: 00:16:52

Health: -8/58      AC:  6    Str: 12    XL:     11   Next: 39%
Magic:  0/32       EV: 11    Int: 19    God:    Kikubaaqudgha [****..]
Gold:   591        SH:  5    Dex: 14    Spells: 8/25 levels left

rFire   . . .        a - +2 dagger (venom)
rCold   . . .        z - +0 buckler
rNeg    . . .        j - +0 robe
rPois   +            (no helmet)
rElec   .            k - +0 cloak
rCorr   .            E - +2 pair of gloves
SInv    .            (no boots)
Will    +....        (no amulet)
Stlth   ++++         v - ring of magical power
HPRegen 1.09/turn    A - ring of poison resistance
MPRegen 0.23/turn

%: guardian spirit
@: no status effects
A: fangs 3, regeneration 1, magic shield, antimagic bite, no potion heal 2
a: Renounce Religion, Unearth Wretches


You were on level 11 of the Dungeon.
You worshipped Kikubaaqudgha.
Kikubaaqudgha was greatly pleased with you.
You visited 2 branches of the dungeon, and saw 12 of its levels.
You also visited: Sewer.

You collected 591 gold pieces.

Inventory:

Hand Weapons
 a - a +2 dagger of venom (weapon)
 p - a +2 short sword of draining
 H - a +3 dagger
Missiles
 m - 32 poisoned darts
 x - 3 boomerangs
 K - a throwing net
Armour
 j - a +0 robe (worn)
 k - a +0 cloak (worn)
 z - a +0 buckler (worn)
 E - a +2 pair of gloves (worn)
 I - a +0 tower shield
 M - +0 swamp dragon scales
 P - +0 acid dragon scales
Jewellery
 v - a ring of magical power (left hand)
 A - a ring of poison resistance (right hand)
Wands
 r - a wand of roots (21)
 J - a wand of charming (14)
 N - a wand of flame (45)
 S - a wand of polymorph (4)
 T - a wand of mindburst (3)
Scrolls
 f - 13 scrolls of identify {unknown}
 h - 5 scrolls of teleportation {unknown}
 l - a scroll of fear {unknown}
 o - a scroll of poison {unknown}
 q - 2 scrolls of fog {unknown}
 s - a scroll of vulnerability {unknown}
 t - 2 scrolls of butterflies {unknown}
 u - a scroll of torment {unknown}
 y - a scroll of immolation {unknown}
 B - 2 scrolls of enchant weapon {unknown}
 C - a scroll of acquirement {unknown}
 Q - a scroll of enchant armour {unknown}
Potions
 b - a potion of magic
 c - 2 potions of attraction {unknown}
 d - 2 potions of haste {unknown}
 e - 2 potions of lignification {unknown}
 g - 2 potions of enlightenment {unknown}
 i - 5 potions of heal wounds {unknown}
 n - a potion of degeneration {unknown}
 w - 2 potions of mutation {unknown}
 D - a potion of invisibility {unknown}
 F - a potion of brilliance {unknown}
 G - 3 potions of might {unknown}
 L - a potion of curing {unknown}
 O - 2 potions of resistance {unknown}
 R - 2 potions of cancellation {unknown}


   Skills:
 + Level 6.8 Fighting
 + Level 6.6 Short Blades
 - Level 1.5 Dodging
 + Level 10.0 Stealth
 - Level 5.0 Shields
 + Level 7.6 Spellcasting
 + Level 8.5 Necromancy
 + Level 0.3 Earth Magic


You had 8 spell levels left.
You knew the following spells:

 Your Spells              Type           Power      Damage    Failure   Level
a - Necrotise             Necr           100%       1d9       1%          1
b - Vampiric Draining     Necr           39%        2d8       1%          3
c - Animate Dead          Necr           39%        N/A       3%          4
d - Dispel Undead         Necr           39%        3d16      3%          4
g - Borgnjor's Vile Clut  Necr/Erth      12%        N/A       50%         5

Your spell library contained the following spells:

 Spells                   Type           Power      Damage    Failure   Level
 Kiss of Death            Conj/Necr      92%        2d12      2%          1
 Cigotuvi's Dreadful Rot  Necr/Alch/Air  36%        N/A       6%          2
 Curse of Agony           Necr           39%        N/A       11%         5
 Shock                    Conj/Air       28%        1d4       12%         1
 Mercury Vapours          Alch/Air       14%        N/A       19%         2
 Stone Arrow              Conj/Erth      14%        3d7       34%         3
 Gell's Gravitas          Tloc           7%         N/A       36%         3
 Mephitic Cloud           Conj/Alch/Air  7%         N/A       36%         3
 Swiftness                Air            7%         N/A       36%         3
 Teleport Other           Tloc           7%         N/A       36%         3
 Death Channel            Necr           19%        N/A       50%         6
 Airstrike                Air            3%         2d(1-17)  77%         4
 Ignite Poison            Fire/Alch      7%         N/A       77%         4
 Freezing Cloud           Conj/Ice/Air   3%         6-21      98%         5
 Irradiate                Conj/Alch      3%         3d12      98%         5
 Dispersal                Tloc           3%         N/A       100%        6


Dungeon Overview and Level Annotations

Branches:
Dungeon (11/15)            Temple (1/1) D:4            Lair (0/5) D:10
  Sewer (visited)
    Orc: D:9-12

Altars:
Ashenzari
Cheibriados
Dithmenos
Elyvilon
Fedhas
Gozag
Hepliaklqana
Kikubaaqudgha
Makhleb
Nemelex Xobeh
Okawaru
Qazlal
Ru
Sif Muna
Trog
Uskayaw
Vehumet
Wu Jian
Xom
Yredelemnul
Zin
The Shining One

Shops:
D:8 =

Annotations:
D:5 dig
D:6 3 runed translucent doors, Pi314's ghost, novice DsFE
D:9 fly


Innate Abilities, Weirdness & Mutations

You have razor-sharp teeth.
Your natural rate of healing is unusually fast.
When hurt, damage is shared between your health and your magic reserves.
Your bite disrupts and absorbs the magic of your enemies.
Potions cannot restore your health.


Message History

You draw life force from the centaur warrior.
You feel life coursing into your body. The warg bites you!
The centaur warrior barely misses you.
The centaur warrior kicks you but does no damage.
The warg bites you!
Unknown command.
Casting: Vampiric Draining (safe; 1% risk of failure)
Confirm with . or Enter, or press ? or * to list all spells.
Aiming: Vampiric Draining (safe; 1% risk of failure)
Press: ? - help, Shift-Dir - straight line, f/p - centaur warrior
Aim: a centaur warrior (heavily wounded, very poisoned)
You draw life force from the centaur warrior!
You feel life coursing into your body. The centaur warrior hits you.
The centaur warrior kicks you. The warg barely misses you.
The centaur warrior hits you!
* * * LOW HITPOINT WARNING * * *
The centaur warrior kicks you but does no damage.
Casting: Vampiric Draining (safe; 1% risk of failure)
Confirm with . or Enter, or press ? or * to list all spells.
Aiming: Vampiric Draining (safe; 1% risk of failure)
Press: ? - help, Shift-Dir - straight line, f/p - centaur warrior
Aim: a centaur warrior (heavily wounded, very poisoned)
You draw life force from the centaur warrior!
You feel life coursing into your body. The warg bites you!
* * * LOW HITPOINT WARNING * * *
The centaur warrior hits you.
* * * LOW HITPOINT WARNING * * *
You block the centaur warrior's attack. The warg barely misses you.
Okay, then.
Aiming: Fastroot
Press: ? - help, Shift-Dir - straight line, f - warg, p - centaur warrior
Aim: a warg The roots erupt in riotous growth!
Roots grab the warg.
Roots grab the basilisk.
Roots grab the centaur warrior.
The grasping roots constrict the basilisk.
The grasping roots constrict the centaur warrior.
The grasping roots constrict the warg, but do no damage.
The centaur warrior hits you!
You die...
Kikubaaqudgha rasps: "You have failed me!
Welcome... death!"

#.# #...#.C....# ....
#.#####...#......##.....
#.........#=............
..........######....#...
........................
......................#
................c.....##
...............lhc......
..........#.....@...#..
..........#.........#
..........#.........#
..........#.........#
#######...#)........#
#...######....# ......
.......


You could see 2 centaur warriors, a basilisk (rooted) and a warg (rooted).

Vanquished Creatures
  2 two-headed ogres (D:10)
  Maggie (D:8)
  A freezing wraith (D:11)
  2 hornets (D:10)
  3 wyverns
  13 yaks
  2 ynoxinuls (D:10)
  4 vampire mosquitoes (D:10)
  2 acid dragons
  2 water moccasins (D:8)
  An orc warrior (D:10)
  A black bear (D:6)
  A sky beast (D:8)
  2 wolves (D:10)
  5 centaurs
  A kobold brigand (Sewer)
  A gnoll sergeant (D:9)
  A bullfrog (D:7)
  2 necrophages (Sewer)
  3 scorpions
  9 wights
  5 killer bees (D:9)
  An electric eel (D:10)
  3 howler monkeys
  A bombardier beetle (D:6)
  4 jellies
  Crazy Yiuf (D:7)
  2 hounds (D:7)
  7 orc priests
  A gnoll bouda (D:7)
  4 iguanas
  7 orc wizards
  14 gnolls
  9 adders
  3 shadow imps
  18 ufetubi
  2 ribbon worms
  25 orcs
  A bat zombie (Sewer)
  7 endoplasms
  A giant cockroach (D:2)
  4 goblins
  8 hobgoblins
  2 jackals (D:1)
  25 kobolds
  5 quokkas
  7 ball pythons
  5 bats
  2 frilled lizards
  4 rats
237 creatures vanquished.

Vanquished Creatures (collateral kills)
  An orc priest (D:5)
  A dart slug (D:4)
2 creatures vanquished.

Grand Total: 239 creatures vanquished

Notes
Turn   | Place    | Note
-------+----------+-------------------------------------------
     0 | D:1      | mopl the Vine Stalker Necromancer began the quest for the
                  | Orb.
     0 | D:1      | Reached XP level 1. HP: 9/9 MP: 4/4
   265 | D:1      | Reached XP level 2. HP: 14/14 MP: 3/6
   513 | D:1      | Found a faded altar of an unknown god.
   513 | D:1      | Noticed a smoke demon
   938 | D:2      | Reached skill level 3 in Stealth
   938 | D:2      | Reached XP level 3. HP: 10/17 MP: 1/7
  1063 | D:2      | Reached skill level 1 in Fighting
  1304 | D:2      | Reached skill level 1 in Short Blades
  1304 | D:2      | Reached XP level 4. HP: 22/22 MP: 4/9
  1557 | D:3      | Identified the +9 hand axe "Jietysch" {chaos, Str+3}
  1606 | D:3      | Reached skill level 3 in Spellcasting
  1617 | D:3      | Reached XP level 5. HP: 21/25 MP: 2/10
  2307 | D:4      | Reached skill level 4 in Stealth
  2338 | D:4      | Found a staircase to the Ecumenical Temple.
  2354 | D:4      | Reached skill level 2 in Fighting
  2386 | Temple   | Entered the Ecumenical Temple
  2402 | Temple   | Became a worshipper of Kikubaaqudgha
  2466 | D:4      | Reached XP level 6. HP: 30/30 MP: 9/11
  2574 | D:4      | Reached skill level 2 in Short Blades
  2839 | D:4      | Reached skill level 5 in Necromancy
  2961 | D:5      | Entered Level 5 of the Dungeon
  3091 | D:5      | Learned a level 3 spell: Vampiric Draining
  3301 | D:5      | Noticed an orc warrior
  3322 | D:5      | Reached XP level 7. HP: 34/35 MP: 12/13
  3387 | D:5      | Reached skill level 5 in Stealth
  3387 | D:5      | Reached skill level 4 in Spellcasting
  3390 | D:5      | Reached * piety under Kikubaaqudgha
  3390 | D:5      | Received a gift from Kikubaaqudgha
  3539 | D:5      | Reached skill level 3 in Fighting
  4042 | D:6      | Reached skill level 3 in Short Blades
  4070 | D:6      | Found a glowing drain.
  4074 | Sewer    | Entered a sewer
  4221 | Sewer    | Found an ancient bone altar of Kikubaaqudgha.
  4234 | Sewer    | Reached skill level 1 in Shields
  4249 | Sewer    | Gained mutation: You have razor-sharp teeth. [Vine Stalker
                  | growth]
  4249 | Sewer    | Reached XP level 8. HP: 35/39 MP: 15/15
  4258 | Sewer    | Reached ** piety under Kikubaaqudgha
  4545 | D:6      | Found a runed translucent gate.
  4545 | D:6      | Found a runed translucent gate.
  4545 | D:6      | Found a runed translucent gate.
  4832 | D:6      | Reached skill level 6 in Stealth
  4842 | D:6      | Reached skill level 2 in Shields
  4920 | D:6      | Reached skill level 6 in Necromancy
  5163 | D:6      | Reached skill level 5 in Spellcasting
  5215 | D:6      | Noticed Pi314's ghost (novice DsFE)
  5261 | D:6      | Found a broken altar of Ashenzari.
  5778 | D:7      | Reached skill level 4 in Fighting
  5827 | D:7      | Upgraded the game from 0.32-a0-32-g978bd804de to
                  | 0.32-a0-35-gd9ff480968
  6014 | D:7      | Found a runed translucent door.
  6015 | D:7      | Noticed Crazy Yiuf
  6026 | D:7      | Killed Crazy Yiuf
  6130 | D:7      | Reached skill level 4 in Short Blades
  6139 | D:7      | Reached XP level 9. HP: 45/45 MP: 17/17
  6808 | D:8      | Reached skill level 3 in Shields
  6877 | D:8      | Reached skill level 7 in Stealth
  6880 | D:8      | Found Vizevits's Jewellery Emporium.
  7136 | D:8      | Noticed Maggie
  7212 | D:8      | Killed Maggie
  7294 | D:8      | Reached skill level 5 in Fighting
  7294 | D:8      | Reached skill level 6 in Spellcasting
  7294 | D:8      | Reached skill level 7 in Necromancy
  7298 | D:8      | Reached *** piety under Kikubaaqudgha
  7298 | D:8      | Received a gift from Kikubaaqudgha
  7299 | D:8      | Reached skill level 5 in Short Blades
  7299 | D:8      | Reached skill level 4 in Shields
  7375 | D:8      | Reached XP level 10. HP: 34/51 MP: 8/20
  7539 | D:8      | Learned a level 4 spell: Animate Dead
  7544 | D:8      | Learned a level 4 spell: Dispel Undead
  7575 | D:9      | Reached skill level 8 in Stealth
  8086 | D:9      | Found an ornate altar of the Wu Jian Council.
  8343 | D:10     | Entered Level 10 of the Dungeon
  8432 | D:10     | Noticed a two-headed ogre
  8496 | D:10     | Got Adwodiob's Tractate on the Vapourous Shot
  8526 | D:10     | Noticed a two-headed ogre
  8570 | D:10     | Killed a two-headed ogre
  8571 | D:10     | Reached skill level 6 in Fighting
  8571 | D:10     | Reached skill level 6 in Short Blades
  8571 | D:10     | Reached skill level 9 in Stealth
  8571 | D:10     | Reached skill level 5 in Shields
  8571 | D:10     | Reached skill level 7 in Spellcasting
  8621 | D:10     | Found a sacrificial altar of Ru.
  8624 | D:10     | Found a radiant altar of Vehumet.
  8627 | D:10     | Found a glowing golden altar of the Shining One.
  8632 | D:10     | Reached skill level 8 in Necromancy
  8633 | D:10     | Reached XP level 11. HP: 49/56 MP: 9/22
  8656 | D:10     | Found a hazy altar of Hepliaklqana.
  8688 | D:10     | Found a staircase to the Lair.
  8756 | D:10     | Reached **** piety under Kikubaaqudgha
  9000 | D:10     | Killed a two-headed ogre
  9290 | D:10     | Learned a level 5 spell: Borgnjor's Vile Clutch
  9388 | D:11     | Noticed a cyclops
  9395 | D:11     | Noticed a centaur warrior
  9417 | D:11     | Reached skill level 10 in Stealth
  9424 | D:11     | Noticed a centaur warrior
  9438 | D:11     | Mangled by a centaur warrior

Illustrated notes

Levels and vault maps discovered:
D:1:      saegor_arrival_miasma, layout_loops_ring,
          dreamdust_ecumenical_altar_sealed_demon,
          chequers_serial_rivers_large_b, serial_bayou_ford_a,
          palyth_stone_intersect
D:2:      layout_basic
D:3:      layout_basic, hex_medium
D:4:      layout_gridville, minmay_temple_entry_large_hall
D:5:      layout_cave_pods, lightli_corner_chamber
D:6:      layout_layer_cave, mainiacjoe_overflow_alcove_2, gammafunk_ghost_icy,
          mainiacjoe_sewer_entry_somewhere_in_here_2, grunt_decor_mini_mirrors
D:7:      layout_basic, roderic_lattice_a, uniq_crazy_yiuf_cottage
D:8:      layout_basic, serial_shops, shop, minivault_25, uniq_maggie
D:9:      layout_irregular_city, nicolae_wu_jian_glorious_leap
D:10:     layout_roguey, grunt_temple_overflow_cloverleaf,
          erik_lair_orcish_takeover, nicolae_fort_ynox
D:11:     minmay_cut_squares, layout_irregular_city,
          hangedman_decor_clover_reticule,
          nicolae_hepliaklqana_monster_ancestors
Temple:   eino_temple_rhombus

Skill      XL: |  1  2  3  4  5  6  7  8  9 10 11 |
---------------+----------------------------------+-----
Stealth        | 3 4 5 6 7 9 10 | 10.0
Fighting       | 1 2 3 4 5 6 |  6.8
Short Blades   | 1 2 3 4 5 6 |  6.6
Spellcasting   | 3 4 5 6 7 |  7.6
Necromancy     | 5 6 7 8 |  8.5
Shields        | 1 2 4 5 |  5.0
Dodging        | |  1.5
Earth Magic    | |  0.3

Action                     |  1- 3 |  4- 6 |  7- 9 | 10-12 || total
---------------------------+-------+-------+-------+-------++-------
  Melee: Unarmed           |    22 |       |       |       ||    22
         Bite              |    10 |    34 |   119 |    95 ||   258
         Punch             |     1 |       |     1 |     3 ||     5
         Dagger            |    16 |   123 |   362 |   274 ||   775
   Cast: Necrotise         |    44 |    62 |    44 |     2 ||   152
         Vampiric Draining |       |       |     6 |    37 ||    43
         Dispel Undead     |       |       |       |    11 ||    11
  Evoke: Wand              |       |       |     1 |     1 ||     2
   Stab: Sleeping          |     2 |     6 |    10 |     5 ||    23
 Armour: Robe              |    30 |    80 |   271 |   245 ||   626
  Dodge: Dodged            |    27 |   108 |   285 |   227 ||   647
  Block: Buckler           |       |       |       |     9 ||     9

Table legend: (Time is in decaauts)
 A = Elapsed time spent in this place.
 B = Non-inter-level travel time spent in this place.
 C = Inter-level travel time spent in this place.
 D = Time resting spent in this place.
 E = Time spent auto-exploring this place.
 F = Levels seen in this place.
 G = Mean time per level.
                   A        B        C        D        E       F      G
               +--------+--------+--------+--------+--------+-----+--------+
         Total |   9343 |   8866 |    477 |    335 |   6267 |  13 |  718.7 |
       Dungeon |   8921 |   8476 |    445 |    335 |   6165 |  11 |  811.0 |
        Temple |     32 |      1 |     31 |      0 |      0 |   1 |   32.0 |
         Sewer |    389 |    389 |      0 |      0 |    102 |   1 |  389.0 |
               +--------+--------+--------+--------+--------+-----+--------+

Top non-repeatable levels by time:
     D:6: 1430 daAuts
     D:5: 1020 daAuts
     D:7: 944 daAuts
     D:1: 920 daAuts
    D:10: 914 daAuts
     D:9: 796 daAuts
     D:8: 771 daAuts
     D:4: 708 daAuts
     D:3: 691 daAuts
     D:2: 634 daAuts
   Sewer: 389 daAuts
    D:11: 88 daAuts
  Temple: 32 daAuts
